 Dungeon Crawl Stone Soup version 0.21.0-24-g2553a33 (webtiles) character file.

47 theElss the Skirmisher (level 3, -3/24 HPs)
             Began as a Gargoyle Berserker on Jan 19, 2018.
             Was a Believer of Trog.
             Killed from afar by Sigmund (8 damage)
             ... with a puff of flame
             ... on level 2 of the Dungeon.
             The game lasted 00:05:41 (1425 turns).

theElss the Skirmisher (Gargoyle Berserker)         Turns: 1425, Time: 00:05:42

Health: -3/24      AC:  8    Str: 21    XL:     3   Next: 70%
Magic:  3/3        EV: 11    Int:  7    God:    Trog [**....]
Gold:   113        SH:  0    Dex:  9    Spells: 2/2 levels left

rFire    . . .     SeeInvis .   a - +0 mace
rCold    . . .     Gourm    .   (no shield)
rNeg     + . .     Faith    .   i - +0 ring mail (curse)
rPois    ∞         Spirit   .   (no helmet)
rElec    +         Reflect  .   (no cloak)
rCorr    .         Harm     .   (no gloves)
MR       .....                  (no boots)
Stlth    ..........             (no amulet)
HPRegen  0.08/turn              (no ring)
MPRegen  0.08/turn              (no ring)

@: confused, berserk cooldown, slowed, very slow
A: negative energy resistance 1, electricity resistance, unbreathing,
petrification resistance, rot immunity, AC +3
a: Berserk, Trog's Hand, Burn Spellbooks, Renounce Religion


You were on level 2 of the Dungeon.
You worshipped Trog.
Trog was pleased with you.
You were hungry.

You visited 1 branch of the dungeon, and saw 2 of its levels.

You collected 113 gold pieces.

Inventory:

Hand Weapons
 a - a +0 mace (weapon)
Armour
 b - a +0 animal skin
 i - a cursed +0 ring mail (worn)
Jewellery
 d - an uncursed ring of protection from magic {unknown}
Scrolls
 g - a scroll of blinking {unknown}
 h - a scroll of amnesia {unknown}
Potions
 e - 2 potions of agility {unknown}
 f - 3 potions of degeneration {unknown}
 j - a potion of heal wounds {unknown}
 k - a potion of mutation {unknown}
Comestibles
 c - 4 rations


   Skills:
 + Level 4.0 Fighting
 + Level 3.6 Maces & Flails
 + Level 2.3 Armour
 + Level 1.8 Dodging
 + Level 0.9 Stealth


You had 2 spell levels left.
You didn't know any spells.

Dungeon Overview and Level Annotations

Branches:
Dungeon (2/15)

Altars:

Annotations:
D:2 Sigmund


Innate Abilities, Weirdness & Mutations

You are resistant to torment.
Your stone body is resilient. (AC +3)
You are immune to poison.
You resist negative energy. (rN+)
You are resistant to electric shocks. (rElec)
You can survive without breathing.
You are immune to petrification.
You are immune to rotting.


Message History

Sigmund is almost dead.
You closely miss Sigmund.
Sigmund is almost dead.
Sigmund points at you and mumbles some strange words.
You are confused.
You bump into the rock wall.
Sigmund gestures at you while chanting. The puff of flame hits you!
You're too confused to move!
You feel a strong urge to attack something.
You are no longer berserk.
You are exhausted.
You feel yourself slow down. Sigmund misses you.
Unknown command.
Sigmund hits you from afar with a scythe.
* * * LOW HITPOINT WARNING * * *
There is a stone staircase leading up here.
Sigmund gestures at you while chanting. The puff of flame hits you!
You die...

# ########.# #.#
#....@...# #.#
#.###.#### #.# #@#
#.# #.####.#.#
#......#.#
#.....@#.#########
.%.......)<.......
##.......####++####
.......##


You could see Sigmund.

Vanquished Creatures
  An adder (D:2)
  A worm (D:2)
  A leopard gecko (D:1)
  2 giant cockroaches
  4 goblins (D:1)
  5 hobgoblins
  6 bats
  4 frilled lizards
  8 kobolds
  3 rats
35 creatures vanquished.

Notes
Turn   | Place    | Note
-------+----------+-------------------------------------------
     0 | D:1      | theElss the Gargoyle Berserker began the quest for the Orb.
     0 | D:1      | Reached XP level 1. HP: 14/14 MP: 1/1
   221 | D:1      | Reached XP level 2. HP: 19/19 MP: 2/2
   734 | D:1      | Reached XP level 3. HP: 24/24 MP: 3/3
  1112 | D:2      | Reached ** piety under Trog
  1206 | D:2      | Reached skill level 4 in Fighting
  1272 | D:2      | Noticed Sigmund
  1425 | D:2      | Killed from afar by Sigmund

Skill      XL: |  1  2  3 |
---------------+----------+-----
Fighting       | 4 |  4.0
Maces & Flails | |  3.6
Armour         | |  2.3
Dodging        | |  1.8
Stealth        | |  0.9

Action                   || total
-------------------------++-------
Melee: Mace              ||   124
Invok: Berserk           ||     1
  Use: Scroll            ||     1
 Stab: Sleeping          ||     1
  Eat: Chunk             ||     2
Armor: Animal skin       ||    39
       Ring mail         ||     9
Dodge: Dodged            ||    82
